[Event "Live Chess"]
[Site "Chess.com"]
[Date "2024.06.01"]
[Round "-"]
[White "Nathaniel250"]
[Black "degringolade64"]
[Result "0-1"]
[WhiteElo "1469"]
[BlackElo "2047"]
[TimeControl "300"]
[EndTime "11:53:48 PDT"]
[Termination "degringolade64 won by resignation"]

1. c4 e5 2. Nc3 Nf6 3. e4 Bb4 4. Nge2 O-O 5. g3 b5 6. cxb5 a6 7. bxa6 Bxa6 8. d3 c6 9. Bg2 d5 10. exd5 cxd5 11. O-O Nc6 12. a3 Ba5 13. b4 Bxb4 14.
axb4 Nxb4 15. Qb3 Rb8 16. Qd1 Bxd3 17. Re1 d4 18. Na4 Bc2 19. Qd2 Qa5 20. Ba3 Bxa4 21. Bxb4 Qxb4 22. Qa2 Bd7 23. Bd5 Qd6 24. Bc4 Ne4 25.
Red1 Qf6 26. f4 exf4 27. Nxf4 Nc3 28. Qd2 Nxd1 29. Qxd1 Be6 30. Nxe6 fxe6 31. Rc1 Rb2 32. Rc2 0-1

[Event "Live Chess"]
[Site "Chess.com"]
[Date "2024.06.01"]
[Round "-"]
[White "Sweet-O"]
[Black "OurKnightAtTheOpera"]
[Result "0-1"]
[WhiteElo "1548"]
[BlackElo "2024"]
[TimeControl "300"]
[EndTime "11:53:53 PDT"]
[Termination "OurKnightAtTheOpera won by resignation"]

1. d4 d5 2. Nc3 Nf6 3. Bf4 c5 4.
e3 Nc6 5. Nb5 e5 6. dxe5 g5 7.
Bxg5 Nxe5 8. Bxf6 Qxf6 9. Qxd5 Be6 10. Nc7+ Ke7 11. Qxc5+ Kd7 12. Bb5+ Nc6 13. Bxc6+ bxc6 14. Qa5 Qxb2 15. Rd1+ Kc8 16. Nxa8 Bb4+ 17. Qxb4 Qxb4+ 18. Ke2 Qc4+ 19. Ke1 Qc3+ 20. Ke2 Bc4+ 21. Kf3 Qxc2 22. Rd6 Qf5+ 0-1

[Event "Live Chess"]
[Site "Chess.com"]
[Date "2024.06.01"]
[Round "-"]
[White "booktrunk"]
[Black "RamsayFlayer"]
[Result "0-1"]
[WhiteElo "1370"]
[BlackElo "1954"]
[TimeControl "300"]
[EndTime "11:53:55 PDT"]
[Termination "RamsayFlayer won by resignation"]

1. d4 d5 2. Nc3 c5 3. dxc5 e6 4.
b4 a5 5. Ba3 axb4 6. Bxb4 b6 7.
a3 bxc5 8. Bxc5 Bxc5 9. Nf3 Qa5 10. Ng1 Qxc3+ 11. Qd2 Qxa1+ 0-1

[Event "Live Chess"]
[Site "Chess.com"]
[Date "2024.06.01"]
[Round "-"]
[White "Stanbad1"]
[Black "Ninifu"]
[Result "1-0"]
[WhiteElo "2692"]
[BlackElo "2010"]
[TimeControl "300"]
[EndTime "11:54:07 PDT"]
[Termination "Stanbad1 won by resignation"]

1. d4 Nf6 2. Nc3 d5 3. Bf4 c6 4.
e3 g6 5. h4 Bg7 6. Be2 h5 7.
Nf3 Nbd7 8. Ne5 Nxe5 9. Bxe5 O-O 10. Bd3 Ng4 11. Bxg7 Kxg7 12. Qe2 e5 13. dxe5 Nxe5 14. O-O-O Nxd3+ 15. Qxd3 Bf5 16. Qd4+ Qf6 17. Qf4 Bg4 18. Qxf6+ Kxf6 19. f3 Be6 20. e4 dxe4 21. Nxe4+ Kg7 22. Nc5 Bd5 23. Nxb7 Rab8 24. Nc5 Rb5 25. Nd3 a5 26. b3 a4 27. c4 axb3 28. cxb5 bxa2 29. Kb2 Rb8 30. Ka1 Rxb5 31. Rd2 Rb3 32. Rc1 1-0

[Event "Live Chess"]
[Site "Chess.com"]
[Date "2024.06.01"]
[Round "-"]
[White "WilliamofOrange16th"]
[Black "Grace6363"]
[Result "1-0"]
[WhiteElo "1983"]
[BlackElo "1151"]
[TimeControl "300"]
[EndTime "11:54:26 PDT"]
[Termination "WilliamofOrange16th won by resignation"]

1. e4 c5 2. Nc3 Nc6 3. f4 d6 4.
Nf3 Bg4 5. h3 Bxf3 6. Qxf3 Nd4 7. Qd1 Qb6 8. Bc4 e6 9. O-O Be7 10. d3 Bh4 11. Na4 Qd8 12. Qg4 b5 13. Bxb5+ Nxb5 14. Qxg7 Qf6 15. Qxf6 Bxf6 16. c3 Ne7 17. Be3 Rc8 18. g4 Bh4 19. Kg2 Ng6 20. Rad1 f6 21.
Rb1 e5 22. f5 Nf4+ 23. Bxf4 exf4 24. Rxf4 Bg5 25. Rf3 h5 26. gxh5 Rxh5 27. b4 a6 28. bxc5 dxc5 29. Rb3 Rc7 30. Nb6 Rch7 31. Nd5 c4 32. dxc4 Nd6 33. Rb8+ Kd7 34. c5 Nxe4 35.
Rd3 Nxc5 36. Nxf6+ Kc7 37. Nxh7 Nxd3 38. Rg8 Rxh7 39.
Rxg5 a5 40. f6 Kd7 41. Rg7+ Ke6 42. Rxh7 Kxf6 43. Ra7 Nf4+ 44. Kg3 Ne2+ 45. Kg4 Nxc3 46. Rxa5 Ne4 47. Ra6+ Kg7 48. a4 Nc5 49. Ra7+ Kf6 50.
a5 Ne4 51. a6 Nf2+ 52. Kg3 Ne4+ 53. Kg2 Nc5 54. Ra8 Nd7 55. a7 Nb6 56. Rf8+ Ke7 57. a8=Q Nxa8 58. Rxa8 1-0

[Event "Live Chess"]
[Site "Chess.com"]
[Date "2024.06.01"]
[Round "-"]
[White "SavagePawn7"]
[Black "JohanKjeldahl"]
[Result "0-1"]
[WhiteElo "683"]
[BlackElo "1817"]
[TimeControl "300"]
[EndTime "11:54:26 PDT"]
[Termination "JohanKjeldahl won by resignation"]

1. e4 c5 2. d4 cxd4 3. c3 dxc3 4.
Nxc3 Nc6 5. Nf3 e6 6. Bc4 a6 7. O-O b5 8. Bb3 Bb7 9. Qe2 Be7 10. Rd1 Qc7 11. g3 Nf6 12. Bf4 e5 13. Bg5 O-O 14.
Bxf6 Bxf6 15. Rac1 Qd8 16. Nd5 Nd4 17. Nxd4 Bxd5 18.
exd5 exd4 19. Rd3 Qb6 20. Qg4 d6 21. Rcd1 Rfe8 22. Rf3 Qd8 23. Kg2 Ra7 24. Bc2 Be5 25. Rdd3 g6 26. Rxf7 Rxf7 27. Qh4 Qf6 28. Qxf6 Rxf6 0-1

[Event "Live Chess"]
[Site "Chess.com"]
[Date "2024.06.01"]
[Round "-"]
[White "Duke_of_Bebington"]
[Black "mrsmarple1968"]
[Result "0-1"]
[WhiteElo "1599"]
[BlackElo "1797"]
[TimeControl "300"]
[EndTime "11:54:29 PDT"]
[Termination "mrsmarple1968 won by resignation"]

1. d4 d5 2. Bf4 c6 3. Nf3 Nf6 4. e3 e6 5. Bd3 Bd6 6. Bxd6 Qxd6 7. O-O O-O 8. c4 Nbd7 9. c5 Qc7 10. b4 e5 11. dxe5 Nxe5 12. Nxe5 Qxe5 13. Nc3 Qxc3 0-1

[Event "Live Chess"]
[Site "Chess.com"]
[Date "2024.06.01"]
[Round "-"]
[White "nigelst"]
[Black "Nazarenko_vital"]
[Result "0-1"]
[WhiteElo "1648"]
[BlackElo "1483"]
[TimeControl "300"]
[EndTime "11:54:38 PDT"]
[Termination "Nazarenko_vital won by checkmate"]

1. e4 d5 2. exd5 Qxd5 3. Nc3 Qa5 4. d4 Nf6 5. Nf3 Bg4 6. h3 Bh5 7. g4 Bg6 8. Ne5 c6 9. h4 Nd5 10. Bd2 Qb6 11. Nxd5 cxd5 12. Be3 Nc6 13. h5 Be4 14. f3 Nxe5 15. fxe4 dxe4 16. Qe2 Nf3+ 17. Kf2 Nxd4 18. Qc4 e5 19. c3 Qxb2+ 20. Kg3 Qxa1 21. cxd4 Bd6 22. Qb5+ Kf8 23. d5 Qe1+ 24. Bf2 Qc3+ 25. Kh4 g5+ 26. hxg6 hxg6+ 27. Kg5 Be7# 0-1

[Event "Live Chess"]
[Site "Chess.com"]
[Date "2024.06.01"]
[Round "-"]
[White "NottheBishopSacrifice"]
[Black "cymbalshift"]
[Result "0-1"]
[WhiteElo "2274"]
[BlackElo "1793"]
[TimeControl "300"]
[EndTime "11:54:44 PDT"]
[Termination "cymbalshift won by checkmate"]

1. g3 Nf6 2. Bg2 d6 3. Nf3 g6 4.
O-O Bg7 5. d4 O-O 6. c4 c6 7.
Nc3 Nbd7 8. e4 e5 9. d5 c5 10. Ne1 a6 11. Nd3 Ne8 12. f4 exf4 13.
Bxf4 Bd4+ 14. Kh1 Ne5 15. Nxe5 dxe5 16. Bh6 Ng7 17. Ne2 Bg4 18. Qd3 Bxe2 19. Qxe2 f5 20. exf5 gxf5 21. Rad1 Qf6 22. Bc1 Rae8 23. b3 h5 24. Bf3 h4 25. gxh4 Qxh4 26. Rg1 Kh8 27. Bg5 Qh7 28. Rg3 e4 29. Bg2 Kg8 30. Rh3 Qg6 31.
Bf4 Kf7 32. Rh6 Qg4 33. Qf1 Rh8 34. h3 Rxh6 35. Bxh6 Qg3 36. Bf4 Qg6 37. d6 Nh5 38. d7 Rd8 39. Bxe4 Rxd7 40. Bd5+ Kf8 41. Rd2 Nxf4 42.
Bf3 Rg7 43. Kh2 Qg3+ 44. Kh1 Rh7 45. Rh2 Nxh3 46. Bg2 Nf2+ 47. Qxf2 Qxh2# 0-1

[Event "Live Chess"]
[Site "Chess.com"]
[Date "2024.06.01"]
[Round "-"]
[White "Andysav3"]
[Black "TJ-W"]
[Result "1-0"]
[WhiteElo "1878"]
[BlackElo "1573"]
[TimeControl "300"]
[EndTime "11:55:28 PDT"]
[Termination "Andysav3 won by resignation"]

1. e4 e5 2. Nf3 Nc6 3. d4 exd4 4. Bc4 g6 5. Nxd4 Bg7 6. Be3 Nxd4 7. Bxd4 Nf6 8. Nc3 O-O 9. O-O Re8 10. f3 c6 11. a4 d5 12. exd5 cxd5 13. Bb3 Bf5 14. Qd2 Qd6 15. Rad1 a6 16. a5 Rad8 17. Bb6 Rc8 18.
Nxd5 Nxd5 19. Bxd5 Bxb2 20. Bxf7+ 1-0

[Event "Live Chess"]
[Site "Chess.com"]
[Date "2024.06.01"]
[Round "-"]
[White "TigerTank70"]
[Black "Ferrarifan27"]
[Result "0-1"]
[WhiteElo "2193"]
[BlackElo "2064"]
[TimeControl "300"]
[EndTime "11:55:32 PDT"]
[Termination "Ferrarifan27 won by checkmate"]

1. e4 e5 2. Nf3 Nc6 3. Bc4 Bc5 4. b4 Bxb4 5. c3 Ba5 6. O-O d6 7. d4 exd4 8. cxd4 Bg4 9. Qb3 Qd7 10. Bxf7+ Qxf7 11. Qxb7 Rb8 12. Qxc6+ Bd7 13. Qa6 Bb6 14. Nc3 Nf6 15. e5 dxe5 16. Nxe5 Qe6 17. Nxd7 Qxd7 18.
Re1+ Kd8 19. Bg5 Re8 20. d5 h6 21. Bxf6+ gxf6 22. Ne4 Qf5 23. Qe2 Ba5 24. d6 Bxe1 25.
dxc7+ Kxc7 26. Qc4+ Kd7 27. Rd1+ Ke7 28. Rxe1 Kf8 29.
f3 Qb5 30. Qc3 Qb6+ 31. Kh1 Kf7 32. Rd1 Rbd8 33. Qc4+ Kf8 34. Rc1 Rc8 35. Nc5 Rxc5 36.
Qxc5+ Qxc5 37. Rxc5 Re1# 0-1

[Event "Live Chess"]
[Site "Chess.com"]
[Date "2024.06.01"]
[Round "-"]
[White "blunderabit"]
[Black "dl_chess"]
[Result "1-0"]
[WhiteElo "1811"]
[BlackElo "1171"]
[TimeControl "300"]
[EndTime "11:56:10 PDT"]
[Termination "blunderabit won on time"]

1. e4 e6 2. d4 d5 3. Bd3 c5 4. c3 Nc6 5. Nf3 Nf6 6. e5 Nd7 7. a3 a6 8. b4 c4 9. Bc2 f6 10. exf6 Nxf6 11. O-O Be7 12. h3 O-O 13. Bf4 Ne4 14. Bh2 Bf6 15. Re1 Ne7 16. Bxe4 dxe4 17. Rxe4 Nd5 18. Qe1 Qb6 19. a4 Bd7 20.
Ne5 Bxe5 21. Bxe5 Rf7 22. Rg4 Raf8 23. f3 Qd8 24. Na3 h5 25. Re4 Nf4 26. Bxf4 Rxf4 27. Nxc4 Qg5 28. Qe3 Qg3 29. Rxf4 Rxf4 30. Rf1 h4 31.
Qe5 Rf5 32. Qxg3 hxg3 33. a5 1-0

[Event "Live Chess"]
[Site "Chess.com"]
[Date "2024.06.01"]
[Round "-"]
[White "Richardallis"]
[Black "KeithArkell"]
[Result "0-1"]
[WhiteElo "2044"]
[BlackElo "2500"]
[TimeControl "300"]
[EndTime "11:56:40 PDT"]
[Termination "KeithArkell won by checkmate"]

1. d4 e6 2. Nd2 c5 3. c3 cxd4 4. cxd4 Nf6 5. a3 b6 6. e4 Bb7 7. Bd3 Nc6 8. Ne2 Be7 9. O-O O-O 10. b4 a6 11. Bb2 Rc8 12. Rc1 d6 13. Bb1 g6 14. Nc4 d5 15. exd5 Nxd5 16. Qd2 Bf6 17. Ng3 Bg7 18. Ne4 Rc7 19. g3 Rd7 20. f4 Nce7 21.
Ng5 Nf5 22. Ne5 Rc7 23. Be4 Nf6 24. Bxb7 Rxb7 25. Nc6 Qd5 26. Rc2 h6 27. Nf3 Rc7 28.
Nce5 Rfc8 29. Rfc1 Rxc2 30. Rxc2 Rxc2 31. Qxc2 Ng4 32.
Qc8+ Kh7 33. h3 Nxe5 34. Nxe5 Bxe5 35. dxe5 Qd1+ 36. Kf2 Qd2+ 37. Kg1 Qe3+ 38. Kf1 Qd3+ 39. Ke1 Nxg3 40. Qc7 Qe2# 0-1

[Event "Live Chess"]
[Site "Chess.com"]
[Date "2024.06.01"]
[Round "-"]
[White "Delacorta"]
[Black "Queensandpawns"]
[Result "1/2-1/2"]
[WhiteElo "1482"]
[BlackElo "2422"]
[TimeControl "300"]
[EndTime "11:56:53 PDT"]
[Termination "Game drawn - timeout vs insufficient material"]

1. d4 e5 2. Nf3 e4 3. Nfd2 e3 4.
fxe3 d5 5. Nf3 g5 6. g3 g4 7. Ne5 h5 8. Nc3 h4 9. Bg2 Bd6 10. Bxd5 Bxe5 11. dxe5 Qe7 12. Qd4 Nd7 13. Bd2 hxg3 14.
O-O-O Qxe5 15. Qxg4 Ndf6 16. Qa4+ Bd7 17. Qa5 c6 18. Bxf7+ Kxf7 19. Qxe5 gxh2 20. Rdf1 Re8 21. Qf4 Re6 22. e4 Ke8 23. Rf2 Ne7 24. Qb8+ Bc8 25.
Rfxh2 Rf8 26. Rh8 Nfg8 27. Qg3 Rg6 28. Qh4 Rgf6 29. Qg5 Rg6 30. Qh5 Nf6 31. Rxf8+ Kxf8 32. Qh8+ Kf7 33. e5 Nfg8 34. Qh5 Bg4 35. Qh2 Ke6 36. Ne4 Bf5 37. Nd6 Bg4 38. Rg1 Bh5 39. Rxg6+ Bxg6 40. Qg3 b5 41. Qg5 c5 42. Ba5 Kd5 43. Qe3 Kc6 44. Bd8 Kd7 45. Bxe7 Nxe7 46. Ne4 Ke6 47. Qf3 Kxe5 48. Ng5 Bf5 49. Nf7+ Ke6 50.
Nh6 Bg6 51. Qe3+ Kd6 52. Ng4 Nd5 53. Qe5+ Kc6 54. Qe6+ Kc7 55. Qxg6 Nb6 56. Qf7+ Kc6 57. Ne5+ Kd6 58. Nd3 c4 59. Nb4 a5 60. Na6 Nd5 61.
Qg6+ Ke5 62. Nb8 Nf4 63. Nd7+ Kd4 64. Qg7+ Ke3 65. Qe5+ Kf2 66. Qxf4+ Ke1 67. Qe5 a4 68. Qc3+ Kf2 69. Ne5 a3 70. Qg3+ Kxg3 71. bxa3 Kf4 72. Nc6 Ke3 73. Na7 Kd4 74. Nxb5+ Kc5 75. Nc7 Kc6 76. Ne6 Kd5 77. Nf4+ Ke4 78. Nd3 Kd5 79. Nf4+ Kd4 80. Ne6+ Kd5 81. Nc7+ Kd4 82. Na6 Kc3 83.
Nb4 Kd4 84. Nc6+ Kc5 85. Ne5 Kb5 86. Nxc4 Ka4 87. e3 Kb5 88. e4 Ka6 89. e5 Kb7 90. e6 Kc8 91. e7 Kd7 92. e8=Q+ Kxe8 93. a4 Ke7 94. a5 Kf7 95. a6 Kg6 1/2-1/2

[Event "Live Chess"]
[Site "Chess.com"]
[Date "2024.06.01"]
[Round "-"]
[White "ogpin"]
[Black "Crowded_House"]
[Result "1-0"]
[WhiteElo "2222"]
[BlackElo "1743"]
[TimeControl "300"]
[EndTime "11:56:53 PDT"]
[Termination "ogpin won by resignation"]

1. a4 e6 2. Ra3 d5 3. g3 Bxa3 4. Nxa3 Nf6 5. b3 O-O 6. Bb2 Nbd7 7. Bg2 c6 8. Nf3 Qc7 9. c4 Rb8 10. O-O b6 11. Ne5 Nxe5 12. Qa1 Ned7 13. Rc1 Qb7 14.
cxd5 exd5 15. Nc2 Qa6 16. Nd4 Bb7 17. Nf5 Qxe2 18. h4 Rfe8 19. h5 Qxd2 20. h6 g6 21.
Bxf6 Re2 22. Bg5 Qb2 23. Qxb2 Rxb2 24. Nd6 f6 25. Nxb7 Rxb7 26. Rxc6 fxg5 27. Bxd5+ Kf8 28.
Rc8+ Ke7 29. Bxb7 Rxb3 30. Rg8 Kf6 31. Rg7 Nf8 32. Bd5 Ke5 33. Bxb3 Kf5 34. Rf7+ Kg4 35.
Rxf8 Kh5 36. Bg8 1-0

[Event "Live Chess"]
[Site "Chess.com"]
[Date "2024.06.01"]
[Round "-"]
[White "matt1979"]
[Black "GEMdzq"]
[Result "0-1"]
[WhiteElo "1374"]
[BlackElo "2288"]
[TimeControl "300"]
[EndTime "11:56:57 PDT"]
[Termination "GEMdzq won by resignation"]

1. f4 g6 2. Nf3 Bg7 3. d3 d6 4. e4 c5 5. Nc3 Nc6 6. Be2 Nf6 7. O-O O-O 8. Be3 Ng4 9. Qd2 Nxe3 10. Qxe3 Nd4 11. Rac1 b5 12. Qd2 b4 13. Nd5 e6 14. Ne3 Nxe2+ 15. Qxe2 Bxb2 16. Rb1 Bg7 17. Ng5 h6 18. Nf3 Bd7 19. Ng4 e5 20. f5 gxf5 21. exf5 Bxf5 22. Ne3 Bg6 23. Qf2 d5 24. Ng4 e4 25. Nfe5 h5 26. Nxg6 fxg6 27. Qxc5 hxg4 28. Rxf8+ Qxf8 29. Qxd5+ Kh7 30. Qxe4 Re8 31. Qxb4 Qxb4 32. Rxb4 Re2 33. Rc4 Bh6 34. a4 Be3+ 35. Kf1 Rf2+ 36. Ke1 Rxg2 37. Rc7+ Kh6 38. Re7 Bc5 39. Re2 Rxe2+ 40.
Kxe2 Bg1 41. c3 Bxh2 42. d4 Kg5 43. d5 Kf5 44. c4 Ke5 45. Kf1 Bf4 46. Kg2 Kd4 47.
a5 Kxc4 48. d6 Bxd6 0-1

[Event "Live Chess"]
[Site "Chess.com"]
[Date "2024.06.01"]
[Round "-"]
[White "Sokolik_UA"]
[Black "Nathaniel250"]
[Result "0-1"]
[WhiteElo "802"]
[BlackElo "1470"]
[TimeControl "300"]
[EndTime "11:57:15 PDT"]
[Termination "Nathaniel250 won by checkmate"]

1. e4 c5 2. d4 cxd4 3. Nf3 Nc6 4. c3 dxc3 5. Nxc3 d6 6. Bd3 Bg4 7. Be3 e6 8. O-O Be7 9. Be2 Nf6 10. Nb5 a6 11. Nbd4 Nxd4 12. Bxd4 e5 13. Bc3 Nxe4 14. Bb4 O-O 15. Bd3 Nc5 16. Bxc5 dxc5 17. Be2 Qxd1 18. Bxd1 e4 19. Ne5 Bxd1 20. Raxd1 Rad8 21. Rxd8 Rxd8 22. h3 Bf6 23. Ng4 Bxb2 24. Re1 f5 25. Ne3 g6 26. Nc4 Bc3 27. Re2 b5 28. Ne5 Bxe5 29. f3 Bg3 30. fxe4 Rd1+ 31. Re1 Rxe1# 0-1

[Event "Live Chess"]
[Site "Chess.com"]
[Date "2024.06.01"]
[Round "-"]
[White "peteopeteo"]
[Black "WelshTiger"]
[Result "0-1"]
[WhiteElo "1598"]
[BlackElo "2535"]
[TimeControl "300"]
[EndTime "11:57:17 PDT"]
[Termination "WelshTiger won by resignation"]

1. e4 c5 2. a3 e6 3. b4 cxb4 4.
axb4 Bxb4 5. c3 Be7 6. d4 d5 7. Bd3 dxe4 8. Bxe4 Nf6 9. Bd3 O-O 10. Nf3 a6 11. O-O Nbd7 12. Nbd2 Qc7 13. Qc2 Rd8 14.
Ne4 Nxe4 15. Bxe4 Nf8 16. Ba3 Bxa3 17. Rxa3 Bd7 18. Rb1 Bc6 19. Ne5 Bxe4 20. Qxe4 b5 21. h3 Rd5 22. Rba1 Qb6 23. Qf3 f6 24. Nd3 a5 25. Nc5 a4 26. Rb1 Qc6 27. Re1 e5 28. Qe3 Rad8 29. f4 exd4 30. cxd4 Rxd4 31. Rc3 b4 32.
Rd3 Qxc5 33. Rxd4 Qxd4 34. Qxd4 Rxd4 0-1

[Event "Live Chess"]
[Site "Chess.com"]
[Date "2024.06.01"]
[Round "-"]
[White "ProfPoisson"]
[Black "booktrunk"]
[Result "1-0"]
[WhiteElo "1262"]
[BlackElo "1356"]
[TimeControl "300"]
[EndTime "11:57:21 PDT"]
[Termination "ProfPoisson won by checkmate"]

1. e4 b6 2. d4 Bb7 3. Bd3 e6 4.
f4 c5 5. c3 cxd4 6. cxd4 Nf6 7. Nc3 Bb4 8. Qe2 O-O 9. Nf3 Bxc3+ 10. bxc3 d6 11. O-O Nbd7 12. Ba3 Ne8 13. e5 Qb8 14. Ng5 g6 15. Qe3 Kg7 16. Qh3 Rh8 17. Nxe6+ fxe6 18. Qxe6 Nf8 19. Qe7+ Kg8 20. Bc4+ d5 21. Qxf8# 1-0

[Event "Live Chess"]
[Site "Chess.com"]
[Date "2024.06.01"]
[Round "-"]
[White "Kirill-2008"]
[Black "DoctorMantisTobogganMD"]
[Result "1-0"]
[WhiteElo "2421"]
[BlackElo "2193"]
[TimeControl "300"]
[EndTime "11:57:24 PDT"]
[Termination "Kirill-2008 won on time"]

1. e4 c6 2. d4 g6 3. e5 d5 4. exd6 Qxd6 5. Nf3 Bg4 6. c4 Bxf3 7.
Qxf3 Qxd4 8. Nc3 Bg7 9. Be3 Qe5 10. O-O-O Nf6 11. Bd4 Qg5+ 12. Kb1 Qf5+ 13. Qxf5 gxf5 14. Bd3 e6 15. g4 fxg4 16. Ne4 Nbd7 17. Nd6+ Kf8 18.
Nxb7 Rb8 19. Na5 c5 20. Bc3 Nh5 21. Bxg7+ Kxg7 22. Bxh7 Ne5 23. Bd3 Rbd8 24. Kc2 Nf4 25. Be4 Rxd1 26. Kxd1 f5 27. Bc2 Kf6 28. b3 Nf3 29. Nb7 Rc8 30. Kc1 Ne2+ 31. Kb2 Ned4 32. Bb1 Rc7 33. Nd6 Ke7 34. Nb5 Nxb5 35. cxb5 Rd7 36.
Kc3 Rd2 37. h3 Rxf2 38. hxg4 fxg4 39. Be4 Ng5 40. Bc6 g3 41. Rg1 g2 42. Bxg2 Rxa2 43. Bc6 Kf6 44. Kc4 Rc2+ 45. Kd3 Rb2 46. Ra1 Nf7 47. Kc3 Rf2 48. Rxa7 Ne5 49. Be4 Rf4 50. Bc2 Rb4 51. Ra5 Nd7 52. Bd3 Nb6 53. Bc4 Nd5+ 54. Kb2 Ke5 55. Ra4 Rxa4 56. bxa4 Kd6 57. a5 Nc7 58. b6 Ne8 59. a6 Kc6 60. a7 Kb7 61. Ba6+ Ka8 62. Bb5 Nd6 63. Bc6+ Nb7 64. Kc3 e5 65. Kd3 e4+ 66. Kxe4 c4 67. Kd4 c3 68. Bxb7+ Kxb7 69. Kxc3 Ka8 70. Kb4 Kb7 71. Kc5 Ka8 72.
Kb5 Kb7 73. Ka4 Ka8 74. Kb4 Kb7 75. Ka5 Ka8 76. Kb5 Kb7 77. a8=Q+ Kxa8 78. Ka6 1-0

[Event "Live Chess"]
[Site "Chess.com"]
[Date "2024.06.01"]
[Round "-"]
[White "RomanKifliuk"]
[Black "powerchs"]
[Result "1-0"]
[WhiteElo "2338"]
[BlackElo "1247"]
[TimeControl "300"]
[EndTime "11:57:28 PDT"]
[Termination "RomanKifliuk won by resignation"]

1. e4 c5 2. Nf3 d6 3. d4 cxd4 4. Nxd4 Nf6 5. Nc3 e5 6. Ndb5 a6 7. Na3 Be6 8. f4 Bg4 9. Be2 Bxe2 10. Qxe2 Be7 11. Be3 Nc6 12. O-O-O O-O 13. g4 Nd4 14. Bxd4 exd4 15. Rxd4 Qc7 16. g5 Nd7 17. Nd5 Qd8 18. Nxe7+ Qxe7 19. Rhd1 Rad8 20. Rxd6 Nc5 21. Rxd8 Rxd8 22. Rxd8+ Qxd8 23. e5 Ne6 24. Qe3 Qd5 25. Nc4 b5 26. Nd6 Qh1+ 27. Kd2 Qd5+ 28. Kc3 b4+ 29.
Kxb4 a5+ 30. Kc3 Qc6+ 31. Nc4 Nc5 32. b3 a4 33. f5 axb3 34. axb3 Ne4+ 35. Kb2 1-0

[Event "Live Chess"]
[Site "Chess.com"]
[Date "2024.06.01"]
[Round "-"]
[White "Nazar-Makarchuk"]
[Black "GwaryTek"]
[Result "0-1"]
[WhiteElo "1599"]
[BlackElo "1909"]
[TimeControl "300"]
[EndTime "11:57:31 PDT"]
[Termination "GwaryTek won by resignation"]

1. e4 Nf6 2. Nc3 d5 3. exd5 Nxd5 4. Nxd5 Qxd5 5. Qf3 c6 6. Qxd5 cxd5 7. Nf3 Nc6 8. Bb5 f6 9. Nd4 Bd7 10. Nxc6 bxc6 11.
Be2 e5 12. O-O Bd6 13. d3 Kf7 14. Re1 Rab8 15. b3 Bb4 16. Rd1 Bc3 17. Rb1 a5 18. Bd2 Bb4 19. Bxb4 axb4 20. Rdc1 Ra8 21. Ra1 Ra3 22.
c3 bxc3 23. Rxc3 Rha8 24. Rc2 Rxb3 25. a4 Ra5 26. Rca2 Ke7 27. Ra3 Rxa3 28. Rxa3 Kd6 29.
f3 Kc5 30. Kf2 Kb4 31. Ra1 Rxa4 32. Rxa4+ Kxa4 33. Ke3 Kb4 34. Kd2 c5 35. g3 Bb5 36.
Bf1 c4 37. dxc4 Bxc4 38. Bg2 f5 39. h3 g5 40. Ke3 d4+ 41. Kd2 Kc5 42. h4 h6 43.
hxg5 hxg5 44. f4 gxf4 45. gxf4 e4 46. Bh3 Be6 47. Ke1 Kb4 48. Kd2 Kb3 49. Bg2 Bc4 50.
Bh3 e3+ 51. Ke1 Bd3 52. Bg2 Kc2 53. Bc6 Be4 54. Ba4+ Kc3 55. Bb5 d3 56. Ba4 Bf3 57. Kf1 d2 58. Kg1 d1=Q+ 59. Bxd1 Bxd1 60. Kf1 Kd2 0-1

[Event "Live Chess"]
[Site "Chess.com"]
[Date "2024.06.01"]
[Round "-"]
[White "chessfiction"]
[Black "viktorskliarov"]
[Result "0-1"]
[WhiteElo "2417"]
[BlackElo "2653"]
[TimeControl "300"]
[EndTime "11:57:33 PDT"]
[Termination "viktorskliarov won by resignation"]

1. e4 c5 2. Nf3 Nc6 3. Bb5 e6 4.
c3 Nge7 5. O-O a6 6. Be2 d5 7.
exd5 Nxd5 8. d4 cxd4 9. cxd4 Be7 10. Nc3 O-O 11. Ne4 h6 12. a3 b6 13. Qd3 Bb7 14.
Bd2 Rc8 15. Rac1 f5 16. Ng3 Qd6 17. Rfd1 Rfd8 18. Qb1 g5 19. h4 g4 20. Nh2 Bxh4 21. Nxg4 Bxg3 22. Nxh6+ Kg7 23. fxg3 Nxd4 24. Bf1 Qxg3 25.
Bc3 Nxc3 26. Rxc3 Rxc3 0-1

[Event "Live Chess"]
[Site "Chess.com"]
[Date "2024.06.01"]
[Round "-"]
[White "MaksymYurii"]
[Black "PureDashingOctopus"]
[Result "0-1"]
[WhiteElo "934"]
[BlackElo "2261"]
[TimeControl "300"]
[EndTime "11:57:37 PDT"]
[Termination "PureDashingOctopus won by resignation"]

1. e4 c5 2. Nf3 d6 3. Bc4 Nf6 4. Nc3 Nc6 5. d4 cxd4 6. Nxd4 e5 7. Nxc6 bxc6 8. Bg5 Be7 9. Bb3 O-O 10.
Bxf6 Bxf6 11. Ne2 Be6 12. Ng3 d5 13. exd5 Bxd5 14. O-O e4 15. f3 exf3 16. Bxd5 Qxd5 17. Qxf3 Bxb2 18. Rab1 Bd4+ 19. Kh1 Qxa2 20. Rbd1 Bf6 21. Nh5 Be5 22. Rde1 Bd4 23. Re4 Rad8 24. Qg4 Qd5 25. Nxg7 Bxg7 26. Re3 Qd4 27. Rg3 Qxg4 28. Rxg4 Kh8 29.
c4 Rd4 30. Rh4 Rxh4 31. Rc1 Rd8 0-1

[Event "Live Chess"]
[Site "Chess.com"]
[Date "2024.06.01"]
[Round "-"]
[White "Cruiseylee78"]
[Black "Yegorych"]
[Result "1-0"]
[WhiteElo "1707"]
[BlackElo "1582"]
[TimeControl "300"]
[EndTime "11:57:38 PDT"]
[Termination "Cruiseylee78 won by checkmate"]

1. d4 Nf6 2. Bf4 g6 3. e3 Bg7 4. Bd3 d5 5. Nf3 O-O 6. c3 Nbd7 7. Nbd2 c5 8. Qc2 c4 9. Be2 b5 10. h4 h5 11. Rg1 Ng4 12. Ne5 Ndxe5 13. Bxe5 Nxe5 14.
dxe5 Bxe5 15. g4 hxg4 16. Bxg4 Bxg4 17. Rxg4 Qd7 18. f3 Qd6 19. O-O-O b4 20. Rdg1 bxc3 21.
bxc3 Qa3+ 22. Kd1 Qxc3 23. Rxg6+ Kh7 24. Rg7+ Kh8 25. Qh7# 1-0

[Event "Live Chess"]
[Site "Chess.com"]
[Date "2024.06.01"]
[Round "-"]
[White "Eva3337"]
[Black "Cimon"]
[Result "0-1"]
[WhiteElo "1143"]
[BlackElo "1825"]
[TimeControl "300"]
[EndTime "11:57:42 PDT"]
[Termination "Cimon won by resignation"]

1. e4 d6 2. Nf3 Nf6 3. Bd3 Bg4 4. h3 Bd7 5. c3 e5 6. O-O Bc6 7. Re1 Nbd7 8. Bc2 Be7 9. d4 b6 10. dxe5 dxe5 11. Bg5 h6 12. Bh4 O-O 13. Bg3 Bd6 14.
Nbd2 Qe7 15. Nc4 Rad8 16. Nxd6 cxd6 17. Ba4 b5 18. Bb3 Nb6 19. a4 bxa4 20. Bxa4 Nxa4 21.
Rxa4 Bxa4 22. Qxa4 Qd7 23. Rd1 Qxa4 0-1

[Event "Live Chess"]
[Site "Chess.com"]
[Date "2024.06.01"]
[Round "-"]
[White "chess5013"]
[Black "Bradfield133"]
[Result "1/2-1/2"]
[WhiteElo "1286"]
[BlackElo "1945"]
[TimeControl "300"]
[EndTime "11:57:57 PDT"]
[Termination "Game drawn by repetition"]

1. d4 d6 2. e4 g6 3. Nf3 Bg7 4. Bc4 Nd7 5. O-O c6 6. Be3 Ngf6 7. Nc3 O-O 8. e5 dxe5 9. dxe5 Nd5 10. Nxd5 cxd5 11.
Bxd5 Nxe5 12. Nxe5 Bxe5 13. c3 Qc7 14. g3 Rd8 15. Qf3 e6 16. Bb3 Bd7 17. Rad1 Bc6 18. Rxd8+ Rxd8 19. Qe2 b6 20. Rd1 Bb7 21. Rxd8+ Qxd8 22. Qd2 Qc7 23. Bf4 Bxf4 24. Qxf4 Qc6 25. Kf1 Qg2+ 26. Ke2 Ba6+ 27. Ke3 Qf1 28. Qb8+ Kg7 29. Qe5+ Kg8 30. Qb8+ Kg7 31. Qe5+ Kg8 32. Qb8+ 1/2-1/2

[Event "Live Chess"]
[Site "Chess.com"]
[Date "2024.06.01"]
[Round "-"]
[White "gunslinger222"]
[Black "Brooms1989"]
[Result "1-0"]
[WhiteElo "2257"]
[BlackElo "1094"]
[TimeControl "300"]
[EndTime "11:58:31 PDT"]
[Termination "gunslinger222 won by resignation"]

1. d4 Nf6 2. Nf3 g6 3. b3 Bg7 4. Bb2 O-O 5. d5 d6 6. h4 e5 7. e3 Bg4 8. Be2 Nbd7 9. c4 a5 10.
Nbd2 Nc5 11. Qc2 e4 12. Nd4 Bxe2 13. Kxe2 Nd3 14. Nxe4 Nxb2 15. Nxf6+ Qxf6 16. Qxb2 Rfe8 17. Rad1 Re7 18. Qd2 Bh6 19. h5 Qg5 20. Nf3 Qf6 21. hxg6 fxg6 22. Rxh6 Rae8 23. Kf1 Qg5 24. Nxg5 1-0

[Event "Live Chess"]
[Site "Chess.com"]
[Date "2024.06.01"]
[Round "-"]
[White "Grace6363"]
[Black "nigelst"]
[Result "0-1"]
[WhiteElo "1150"]
[BlackElo "1649"]
[TimeControl "300"]
[EndTime "11:58:44 PDT"]
[Termination "nigelst won by resignation"]

1. d4 Nf6 2. c4 e6 3. Nf3 Bb4+ 4. Bd2 Qe7 5. a3 Bxd2+ 6. Nbxd2 d6 7. Qb3 Nbd7 8. e4 e5 9. dxe5 Nxe5 10. Nxe5 Qxe5 11. f3 O-O 12. Rd1 c6 13. Bd3 d5 14. cxd5 cxd5 15. O-O Qd4+ 16. Kh1 dxe4 17. Nxe4 Be6 18. Nxf6+ Qxf6 19. Qxb7 Rab8 20. Qe4 g6 21. Rd2 Rxb2 22. Rxb2 Qxb2 23. Re1 Rc8 24. Qa4 Rc1 25. Qe4 Qa1 26. h3 Rxe1+ 0-1